 Dungeon Crawl Stone Soup version 0.25-a0-547-g27a0b5d1ef (webtiles) character file.

Game seed: 10146252751551215674, levelgen mode: deterministic

68 Amnesiac the Ruffian (level 4, -6/36 HPs)
             Began as a Draconian Transmuter on Jan 13, 2020.
             Mangled by a wight
             ... wielding a +4 falchion
              (12 damage)
             ... on level 2 of the Dungeon on Feb 21, 2020.
             The game lasted 00:09:02 (1357 turns).

Amnesiac the Ruffian (Draconian Transmuter)         Turns: 1357, Time: 00:09:03

Health: -6/36      AC:  2    Str: 13    XL:     4   Next: 1%
Magic:  2/7        EV: 20    Int: 13    God:
Gold:   55         SH:  0    Dex: 17    Spells: 1/7 levels left

rFire    . . .     SeeInvis .     - Unarmed
rCold    + . .     Gourm    .   (shield currently unavailable)
rNeg     . . .     Faith    .   (armour unavailable)
rPois    x         Spirit   .   (helmet currently unavailable)
rElec    .         Reflect  .   (cloak currently unavailable)
rCorr    .         Harm     .   (gloves currently unavailable)
MR       .....                  (boots currently unavailable)
Stlth    ++........             (no amulet)
HPRegen  0.12/turn              o - ring of protection from cold
MPRegen  0.10/turn              (no ring)

@: lethally poisoned (-6 -> -7), spider-form (expiring), very slightly
contaminated
A: tiny, unfitting armour, AC +5
a: End Transformation


You were on level 2 of the Dungeon.
You were hungry.
You were a venomous arachnid creature.
You visited 1 branch of the dungeon, and saw 3 of its levels.

You collected 55 gold pieces.

Inventory:

Missiles
 a - 40 arrows
 j - 2 throwing nets (quivered)
Jewellery
 o - a ring of protection from cold (left front leg)
Scrolls
 b - a scroll of enchant weapon {!r}
 d - a scroll of amnesia {!r, unknown}
 e - a scroll of identify {!r, unknown}
 i - a scroll of enchant armour {!r, unknown}
 k - a scroll of magic mapping {!r, unknown}
 n - a scroll of remove curse {!r, unknown}
Potions
 f - a potion of heal wounds {!q}
 g - 2 potions of lignification {!q, unknown}
 h - a potion of invisibility {!q, unknown}
 m - a potion of stabbing {!q, unknown}
 p - a potion of might {!q, unknown}
Comestibles
 c - 6 rations


   Skills:
 + Level 2.0 Fighting
 + Level 2.2 Dodging
 * Level 3.7 Unarmed Combat
 - Level 2.0 Spellcasting
 - Level 3.0 Transmutations


You had one spell level left.
You knew the following spells:

 Your Spells              Type           Power        Failure   Level  Hunger
a - Beastly Appendage     Tmut           #.....       21%         1    ##.....
b - Sticks to Snakes      Tmut           #.......     26%         2    ###....
e - Spider Form           Tmut/Pois      #.........   61%         3    ####...

Your spell library contained the following spells:

 Spells                   Type           Power        Failure   Level  Hunger
 Ice Form                 Ice/Tmut       #.......     92%         4    #####..
 Blade Hands              Tmut           #.........   97%         5    ######.


Dungeon Overview and Level Annotations

Branches:
Dungeon (3/15)

Altars:

Annotations:
D:1 exclusion: downstairs
D:2 exclusion: downstairs
D:3 Sigmund


Innate Abilities, Weirdness & Mutations

((Your plain brown scales are hard. (AC +5)))
You cannot fit into any form of body armour.
((You are cold-blooded and may be slowed by cold attacks.))


Message History

Unknown command.
Unknown command.
Unknown command.
You start resting.
All of the chunks of flesh in your inventory have rotted away.
The adder is too close now for your liking.
You start resting.
The wight is too close now for your liking.
Casting: Beastly Appendage (safe; 8% risk of failure)
Confirm with . or Enter, or press ? or * to list all spells.
You don't know that spell.
There is a stone staircase leading down here.
Adjust (i)tems, (s)pells, or (a)bilities?
Huh?
Okay, then.
Adjust (i)tems, (s)pells, or (a)bilities?
Adjust which spell? c - Spider Form Adjust to which letter? e - Spider Form
Casting: Beastly Appendage (safe; 8% risk of failure)
Confirm with . or Enter, or press ? or * to list all spells.
You miscast Spider Form.
You are very lightly contaminated with residual magic.
Waves of light ripple over your body.
The adder hisses angrily.
The adder bites you.
* * * LOW HITPOINT WARNING * * *
You are poisoned.
The adder poisons you! The adder barely misses you.
You barely miss the adder.
You feel sick. The adder bites you but does no damage.
Casting: Spider Form (slightly dangerous; 38% risk of failure)
Confirm with . or Enter, or press ? or * to list all spells.
You turn into a venomous arachnid creature.
The adder closely misses you.
You can't do that in your present form.
You closely miss the adder. The wight completely misses you.
The adder completely misses you.
You miss the adder. The adder bites you but does no damage.
The wight closely misses you.
You closely miss the adder.
Your transformation is almost over.
You feel sick. The adder closely misses you.
The wight hits you with a +4 falchion!
* * * LOW HITPOINT WARNING * * *
Really quaff
f - 2 coppery potions {!q}?
It was a potion of heal wounds {!q}.
You feel much better. The adder misses you. The wight misses you.
The adder misses you.
You completely miss the adder. The adder bites you.
The wight completely misses you.
You closely miss the adder. The adder bites you.
* * * LOW HITPOINT WARNING * * *
You completely miss the adder.
You are feeling hungry.
You feel sick. The adder bites you.
* * * LOW HITPOINT WARNING * * *
The wight misses you. The adder barely misses you.
You hit the adder but do no damage.
The adder is poisoned.
The wight hits you with a +4 falchion!
* * * LOW HITPOINT WARNING * * *
The adder misses you.
You barely miss the adder. The wight hits you with a +4 falchion!
You die...

#.# #.# #.# #.####.# #.#
#.#.##(#################.#
##.............##.........#
#....##.######.##.#########
#.#.###z# #.##.# #...# #.#
#.##.# #..## #.######.##.#
#..# #.>.zsS.....# #..#
########.##.# #..# #....#
#..# ###..# #>.# #..# #..#
...o.....# #S.# o######..#
#..# #..# #..# #..#


You could see a wight and an adder.

Vanquished Creatures
  An adder (D:2)
  An ooze (D:1)
  2 dart slugs (D:1)
  A leopard gecko (D:2)
  An orc (D:1)
  A ball python (D:2)
  5 goblins (D:1)
  6 hobgoblins
  10 jackals
  5 kobolds
  7 bats (D:1)
  2 frilled lizards (D:1)
  2 rats (D:1)
44 creatures vanquished.

Notes
Turn   | Place    | Note
-------+----------+-------------------------------------------
     0 | D:1      | Amnesiac the Draconian Transmuter began the quest for the
                  | Orb.
     0 | D:1      | Reached XP level 1. HP: 16/16 MP: 3/3
     0 | D:1      | Upgraded the game from 0.25-a0-410-g53dbb631d1 to
                  | 0.25-a0-547-g27a0b5d1ef
   128 | D:1      | Reached XP level 2. HP: 19/23 MP: 3/5
   135 | D:1      | Learned a level 2 spell: Sticks to Snakes
   196 | D:2      | Noticed an orc warrior
   212 | D:2      | Noticed a wight
   212 | D:2      | Noticed a wight
   212 | D:2      | Noticed a wight
   212 | D:2      | Noticed a wight
   451 | D:1      | Reached XP level 3. HP: 22/28 MP: 4/6
  1230 | D:3      | Noticed Sigmund
  1249 | D:2      | Reached XP level 4. HP: 8/36 MP: 5/7
  1254 | D:2      | Learned a level 3 spell: Spider Form
  1357 | D:2      | Mangled by a wight

Levels and vault maps discovered:
D:1:      minmay_arrival_five_plusses, layout_loops_ring, st_stairs_10,
          minmay_misc_feat_diagonals, minmay_strange_pillars, minmay_distorted
D:2:      layout_loops_ring, marbit_many_paths
D:3:      layout_basic, chequers_ecumenical_altar_grove,
          nicolae_ashenzari_panopticon, uniq_robin, uniq_sigmund

Skill      XL: |  1  2  3 |
---------------+----------+-----
Transmutations | 3 |  3.0
Dodging        | 2 |  2.2
Fighting       | 2 |  2.0
Unarmed Combat | |  3.7
Spellcasting   | |  2.0

Action                   |  1- 3 |  4- 6 || total
-------------------------+-------+-------++-------
Melee: Unarmed           |   158 |     9 ||   167
       Kick              |    10 |       ||    10
       Tailslap          |    12 |       ||    12
       Headbutt          |     9 |       ||     9
       Punch             |     2 |       ||     2
 Cast: Beastly Appendage |    26 |       ||    26
       Spider Form       |       |     1 ||     1
  Use: Scroll            |     1 |       ||     1
       Potion            |       |     1 ||     1
 Stab: Sleeping          |     1 |       ||     1
  Eat: Chunk             |     2 |       ||     2
Armor: Skin              |    43 |     2 ||    45
Dodge: Dodged            |   119 |    13 ||   132

Table legend:
 A = Non-vault XP
 B = Vault XP
 C = Vault XP percentage of total XP
 D = Non-vault monster count
 E = Vault monster count
 F = Vault count percentage of total count
                 A         B        C        D         E       F
            +---------+---------+-------+---------+---------+-------
      Total |      93 |       5 |   5.1 |      41 |       3 |   6.8
            +---------+---------+-------+---------+---------+-------
        D:1 |      66 |       5 |   7.0 |      33 |       3 |   8.3
        D:2 |      26 |       0 |   0.0 |       7 |       0 |   0.0
        D:3 |       1 |       0 |   0.0 |       1 |       0 |   0.0
            +---------+---------+-------+---------+---------+-------
